 Dungeon Crawl Stone Soup version 0.31.0-9-g3a7656b989 (webtiles) character file.

Game seed: 3265206602039853702

154 qw the Shooter (level 5, -3/26 HPs)
             Began as a Spriggan Hunter on Feb 3, 2024.
             Incinerated by a bombardier beetle (4 damage)
             ... with a burning spray
             ... on level 3 of the Dungeon.
             The game lasted 00:00:17 (2248 turns).

qw the Shooter (Spriggan Hunter)                    Turns: 2248, Time: 00:00:18

Health: -3/26      AC:  2    Str:  7    XL:     5   Next: 13%
Magic:  6/6        EV: 20    Int: 10    God:
Gold:   141        SH:  0    Dex: 21    Spells: 4/4 levels left

rFire   . . .        a - +0 shortbow (flame)
rCold   . . .        (shield currently unavailable)
rNeg    . . .        c - +0 robe
rPois   .            (helmet restricted)
rElec   .            (no cloak)
rCorr   .            (gloves unavailable)
SInv    +            (boots unavailable)
Will    .....        (no amulet)
Stlth   +            (no ring)
HPRegen 0.24/turn    (no ring)
MPRegen 0.10/turn

%: no passive effects
@: on fire, glowing, very quick
A: very small, no large weapons, unfitting armour, see invisible, speed 3
a: no special abilities


You were on level 3 of the Dungeon.
You visited 1 branch of the dungeon, and saw 3 of its levels.

You collected 141 gold pieces.


Innate Abilities, Weirdness & Mutations

You are very small and have problems with some larger weapons.
You are too small for most types of armour.
You have supernaturally acute eyesight. (SInv)
You cover ground extremely quickly. (Speed+++)


   Skills:
 - Level 2.0 Fighting
 + Level 5.3 Ranged Weapons
 - Level 5.0 Dodging
 - Level 1.5 Stealth


You had 4 spell levels left.
You didn't know any spells.
Your spell library was empty.

Inventory:

Hand Weapons
 a - a +0 shortbow of flaming (weapon)
Armour
 c - a +0 robe (worn)
Scrolls
 b - a scroll of identify
 d - a scroll of enchant weapon {unknown}

Dungeon Overview and Level Annotations

Branches:
Dungeon (3/15)

Altars:
Vehumet


Message History

You shoot an arrow.
The arrow barely misses the bombardier beetle.
You shoot an arrow.
The arrow hits the bombardier beetle but does no damage.
The bombardier beetle misses you.
You shoot an arrow.
The arrow barely misses the bombardier beetle.
The bombardier beetle barely misses you.
You shoot an arrow. The arrow hits the bombardier beetle.
The arrow burns the bombardier beetle.
The bombardier beetle is moderately wounded.
You shoot an arrow. The arrow hits the bombardier beetle.
The arrow burns the bombardier beetle.
The bombardier beetle is heavily wounded.
The bombardier beetle sprays incendiary fluid at you.
The burning spray hits you.
You are covered in liquid fire!
You shoot an arrow. The arrow hits the bombardier beetle.
The arrow burns the bombardier beetle.
The bombardier beetle is heavily wounded.
The liquid fire burns you!
The bombardier beetle bites you but does no damage.
You shoot an arrow.
The arrow hits the bombardier beetle but does no damage.
The bombardier beetle is heavily wounded.
The liquid fire burns you!
You shoot an arrow.
The arrow hits the bombardier beetle but does no damage.
The bombardier beetle is heavily wounded.
The liquid fire burns you! The bombardier beetle bites you.
You shoot an arrow.
The arrow barely misses the bombardier beetle.
The liquid fire burns you! The bombardier beetle bites you.
You shoot an arrow. The arrow hits the bombardier beetle.
The arrow burns the bombardier beetle.
The bombardier beetle is severely wounded.
The liquid fire burns you!
You die...

#######
#.B...# #@#
# #.###.##.
#........
####..##.##.
....#
#........#
###.#.#
#.##.....#
......#
#.###.##.#
##...##
#.#...##.#
##.....##
#.>..#.#.#
##.......#


You could see a bombardier beetle.

Vanquished Creatures
  3 gnolls (D:3)
  5 adders
  2 dart slugs (D:2)
  8 bats
  7 endoplasms
  16 giant cockroaches
  5 goblins
  2 hobgoblins
  2 jackals (D:2)
  A quokka (D:3)
  4 ball pythons
  9 kobolds
  7 rats
71 creatures vanquished.

Notes
Turn   | Place    | Note
-------+----------+-------------------------------------------
     0 | D:1      | qw the Spriggan Hunter began the quest for the Orb.
     0 | D:1      | Reached XP level 1. HP: 10/10 MP: 2/2
     0 | D:1      | 0 ||| qw: Version: 0.3-a-155-g5e7d8dd
     0 | D:1      | 0 ||| qw: Game counter: 2948
     0 | D:1      | 0 ||| qw: Melee chars always use a shield: true
     0 | D:1      | 0 ||| qw: God list: Okawaru
     0 | D:1      | 0 ||| qw: Allow faded altars: false
     0 | D:1      | 0 ||| qw: Do Orc after clearing Dungeon:15 true
     0 | D:1      | 0 ||| qw: Do second Lair branch before Depths: true
     0 | D:1      | 0 ||| qw: Lair rune preference: random
     0 | D:1      | 0 ||| qw: Goals: Normal
     0 | D:1      | 0 ||| PLANNING D:1-11
    15 | D:1      | Reached skill level 3 in Dodging
    65 | D:1      | Reached XP level 2. HP: 14/14 MP: 3/3
   553 | D:1      | 553 ||| READING scroll labelled KORRUA OVVO.
   553 | D:1      | 553 ||| BRANDING +0 shortbow.
   554 | D:1      | 554 ||| READING scroll labelled MUSSISK LAONG.
   555 | D:1      | 555 ||| DROPPING scroll of butterflies.
   598 | D:2      | Reached XP level 3. HP: 18/18 MP: 4/4
   821 | D:2      | Found a faded altar of an unknown god.
  1015 | D:2      | Reached XP level 4. HP: 22/22 MP: 5/5
  1254 | D:2      | Found a radiant altar of Vehumet.
  1545 | D:2      | 1545 ||| READING 2 scrolls labelled LAOMUASOUK.
  1640 | D:3      | HP: 5/23 [gnoll/+0 halberd (9)]
  1642 | D:3      | HP: 1/23 [gnoll/+0 halberd (5)]
  1645 | D:3      | Reached XP level 5. HP: 2/26 MP: 6/6
  2247 | D:3      | HP: 3/26 [burnt (5)]
  2247 | D:3      | HP: 1/26 [bombardier beetle (2)]
  2248 | D:3      | Incinerated by a bombardier beetle

Levels and vault maps discovered:
D:1:      amcnicky_arrival_double_pillar, layout_loops_cross
D:2:      layout_basic, shapermc_ecumenical_altar_mp_ritualfount, basic_altar
D:3:      minmay_roachtagon, layout_loops_corners, grunt_decor_fettered,
          grunt_ministairs_9

Skill      XL: |  1  2  3  4 |
---------------+-------------+-----
Dodging        | 3 4 5 |  5.0
Ranged Weapons | 5 |  5.3
Fighting       | 2 |  2.0
Stealth        | |  1.5

Action                     |  1- 3 |  4- 6 || total
---------------------------+-------+-------++-------
   Fire: Shortbow          |   105 |    81 ||   186
    Use: Scroll            |     2 |     1 ||     3
 Armour: Robe              |     9 |    11 ||    20
  Dodge: Dodged            |    32 |    26 ||    58

Table legend:
 A = Non-vault XP
 B = Vault XP
 C = Vault XP percentage of total XP
 D = Non-vault monster count
 E = Vault monster count
 F = Vault count percentage of total count
                 A         B        C        D         E       F
            +---------+---------+-------+---------+---------+-------
      Total |     197 |      24 |  10.9 |      58 |      13 |  18.3
            +---------+---------+-------+---------+---------+-------
        D:1 |      40 |       0 |   0.0 |      25 |       0 |   0.0
        D:2 |      90 |       0 |   0.0 |      23 |       0 |   0.0
        D:3 |      67 |      24 |  26.4 |      10 |      13 |  56.5
            +---------+---------+-------+---------+---------+-------
